 Dungeon Crawl Stone Soup version 0.19.5 (webtiles) character file.

102 McKennaii the Firebug (level 4, -8/24 HPs)
             Began as a Deep Elf Fire Elementalist on May 16, 2017.
             Mangled by a gnoll
             ... wielding a +0 spear
              (10 damage)
             ... on level 2 of the Dungeon.
             The game lasted 00:02:54 (1544 turns).

McKennaii the Firebug (Deep Elf Fire Elementalist)  Turns: 1544, Time: 00:02:55

Health: -8/24      AC:  3    Str:  5    XL:     4   Next: 50%
Magic:  11/11      EV: 13    Int: 21    God:
Gold:   143        SH:  0    Dex: 15    Spells: 3 memorised, 4 levels left

rFire  . . .     SeeInvis .     (no weapon)
rCold  . . .     Gourm    .     a - +0 robe
rNeg   . . .     Faith    .     (no shield)
rPois  .         Spirit   .     (no helmet)
rElec  .         Reflect  .     (no cloak)
rCorr  .         Harm     .     m - +0 pair of gloves
MR     .....                    (no boots)
Stlth  ++........               (no amulet)
                                (no ring)
                                (no ring)

@: no status effects
A: no striking features
a: no special abilities


You were on level 2 of the Dungeon.
You were not hungry.

You visited 1 branch of the dungeon, and saw 3 of its levels.

You collected 143 gold pieces.

Inventory:

Armour
 a - a +0 robe (worn)
 m - a +0 pair of gloves (worn)
Scrolls
 d - a scroll of noise {unknown}
 j - a scroll of amnesia {unknown}
 k - a scroll of identify {unknown}
 q - a scroll of fog {unknown}
Potions
 e - 2 potions of might {unknown}
 f - 2 potions of mutation {unknown}
 g - a potion of agility {unknown}
 h - 2 potions of haste {unknown}
 i - a potion of degeneration {unknown}
 l - a potion of magic {unknown}
Books
 b - a book of Flames

   Spells                             Type                      Level
   a - Flame Tongue                   Conjuration/Fire             1
   b - Throw Flame                    Conjuration/Fire             2
   c - Conjure Flame                  Conjuration/Fire             3
   d - Inner Flame                    Hexes/Fire                   3
   e - Sticky Flame                   Conjuration/Fire             4
   f - Fireball                       Conjuration/Fire             5
Comestibles
 c - 4 bread rations
 n - a meat ration
 o - a beef jerky
 p - a slice of pizza


   Skills:
 + Level 0.2 Fighting
 + Level 3.1 Dodging
 + Level 2.9 Stealth
 + Level 3.7 Spellcasting
 + Level 2.1 Conjurations
 + Level 4.5 Fire Magic


You had 4 spell levels left.
You knew the following spells:

 Your Spells              Type           Power        Failure   Level  Hunger
a - Flame Tongue          Conj/Fire      ###..        3%          1    None
b - Throw Flame           Conj/Fire      ###...       6%          2    ##.....
c - Conjure Flame         Conj/Fire      ###.....     12%         3    ###....


Dungeon Overview and Level Annotations

Branches:
Dungeon (3/15)

Altars:


Message History

r - 2 chunks of flesh Eat one of 2 chunks of flesh? (ye/n/q)
You start eating one of the 2 chunks of flesh.
This raw flesh tastes terrible.
You are feeling hungry.
There is a stone staircase leading down here.
You start resting.
Eating a chunk of flesh.
You start eating the chunk of flesh.
This raw flesh tastes terrible.
Magic restored.
You climb downwards.
The gnoll hits you with a spear! x2
* * * LOW HITPOINT WARNING * * *
The gnoll shouts!
There is a stone staircase leading up here.
You hear a shout!
The gnoll hits you but does no damage.
You climb upwards.
There is a stone staircase leading down here.
The gnoll hits you from afar with a spear!
You die...

.......## ###..###.#
##.... .......# #...##
#.###..(.. ########
##.### #.##...... ##..#
#......)..
######..##########......
#..[....................
#........#########......
#........# ##.....
#...<..@.# #......
#....g>..# #......
########## #......
#...... #...... ##.....
##.... #####


You could see a gnoll.

Vanquished Creatures
  An orc priest (D:3)
  A gnoll (D:3)
  2 adders
  A worm (D:2)
  A leopard gecko (D:1)
  4 orcs (D:3)
  A giant cockroach (D:2)
  6 goblins
  3 hobgoblins (D:2)
  4 jackals (D:3)
  7 bats
  2 frilled lizards
  3 kobolds
36 creatures vanquished.

Notes
Turn   | Place    | Note
-------+----------+-------------------------------------------
     0 | D:1      | McKennaii the Deep Elf Fire Elementalist began the quest for the Orb.
     0 | D:1      | Reached XP level 1. HP: 10/10 MP: 6/6
   547 | D:2      | Reached XP level 2. HP: 15/15 MP: 6/8
   719 | D:2      | Reached skill level 4 in Fire Magic
   815 | D:2      | Reached XP level 3. HP: 10/19 MP: 0/9
   819 | D:2      | Learned a level 2 spell: Throw Flame
   823 | D:2      | Learned a level 3 spell: Conjure Flame
  1364 | D:3      | Reached XP level 4. HP: 24/24 MP: 2/11
  1544 | D:2      | Mangled by a gnoll

Skill      XL: |  1  2  3  4 |
---------------+-------------+-----
Fire Magic     | 4 |  4.5
Conjurations   | 2 |  2.1
Dodging        | 3 |  3.1
Fighting       | |  0.2
Stealth        | |  2.9
Spellcasting   | |  3.7

Action                   |  1- 3 |  4- 6 || total
-------------------------+-------+-------++-------
Melee: Unarmed           |     3 |       ||     3
 Cast: Flame Tongue      |    59 |    12 ||    71
       Throw Flame       |     5 |     1 ||     6
  Eat: Chunk             |       |     2 ||     2
Armor: Robe              |    31 |     2 ||    33
Dodge: Dodged            |    84 |    10 ||    94
